 Dungeon Crawl Stone Soup version 0.18-a0-46-g45ca8e4 (webtiles) character file.

26121 Duffy the Fighter (level 13, 72/72 HPs)
             Began as a Vine Stalker Conjurer on Nov 6, 2015.
             Was the Champion of Makhleb.
             Quit the game on level 3 of the Lair of Beasts.
             The game lasted 00:46:39 (18659 turns).

Duffy the Fighter (Vine Stalker Conjurer)          Turns: 18659, Time: 00:46:39

Health: 72/72      AC: 15    Str: 11    XL:     13   Next: 24%
Magic:  26/26      EV: 18    Int: 18    God:    Makhleb [******]
Gold:   795        SH:  0    Dex: 19    Spells: 5 memorised, 12 levels left

rFire  + . .     SeeInvis .     Q - +6 dagger (protect)
rCold  . . .     Clarity  .     J - +0 steam dragon armour
rNeg   . . .     SustAt   .     (no shield)
rPois  .         Gourm    .     (no helmet)
rElec  .         Spirit   +     (no cloak)
rCorr  .         Warding  .     (no gloves)
rMut   .         Stasis   .     B - +0 pair of boots
MR     +....                    x - amulet of regeneration
Stlth  ++++......               F - ring of protection from fire
                                A - +4 ring of protection

@: somewhat resistant to hostile enchantments, stealthy
A: fangs 3, agile 1, regeneration 3, magic shield, antimagic bite, no device
heal 3, rot immunity
a: Minor Destruction, Lesser Servant of Makhleb, Major Destruction, Greater
Servant of Makhleb, Renounce Religion


You were on level 3 of the Lair of Beasts.
You worshipped Makhleb.
Makhleb was exalted by your worship.
You were near starving.

You visited 2 branches of the dungeon, and saw 13 of its levels.
You also visited: Volcano.

You collected 795 gold pieces.


Innate Abilities, Weirdness & Mutations

You have razor-sharp teeth.
You regenerate.
When hurt, damage is shared between your health and your magic reserves.
Your bite disrupts and absorbs the magic of your enemies.
Potions and wands cannot restore your health.
You are immune to rotting.
You are agile. (Dex +2)


   Skills:
 - Level 10.2 Fighting
 - Level 8.0 Dodging
 - Level 7.5 Stealth
 - Level 8.0 Spellcasting
 + Level 10.0 Conjurations
 - Level 7.0 Hexes
 - Level 8.0 Charms


You had 12 spell levels left.
You knew the following spells:

 Your Spells              Type           Power        Failure   Level  Hunger
a - Magic Dart            Conj           ####         1%          1    None
c - Iskenderun's Mystic   Conj           #####...     1%          4    ###....
d - Iskenderun's Battles  Conj/Chrm      #####...     8%          5    #####..
e - Fulminant Prism       Conj/Hex       #####.....   2%          4    ###....
s - Searing Ray           Conj           #####.       1%          2    None

Inventory:

Hand Weapons
 a - a +1 blowgun
 Q - a +6 dagger of protection (weapon)
Missiles
 q - 101 poisoned needles
 w - 3 curare-tipped needles
 I - 5 poisoned tomahawks (quivered)
 O - a throwing net
Armour
 B - a +0 pair of boots (worn)
 J - a +0 steam dragon armour (worn)
Magical Staves
 G - an uncursed staff of earth
 P - an uncursed staff of poison
Jewellery
 b - an uncursed amulet of rage
 p - an uncursed ring of positive energy
 u - an uncursed amulet of warding
 x - an amulet of regeneration (around neck)
 y - a +3 ring of strength
 A - a +4 ring of protection (left hand)
 E - a +2 ring of evasion
 F - a ring of protection from fire (right hand)
Wands
 L - a wand of disintegration (16)
Scrolls
 d - 2 scrolls of recharging
 e - 2 scrolls of remove curse
 i - 4 scrolls of magic mapping
 n - a scroll of enchant weapon
 o - a scroll of teleportation
 r - 2 scrolls of amnesia
 s - 3 scrolls of blinking
 v - a scroll of immolation
 z - a scroll of enchant armour
Potions
 g - 4 potions of haste
 h - 2 potions of brilliance
 k - 3 potions of curing
 l - 3 potions of resistance
 H - 3 potions of berserk rage
 M - a potion of heal wounds {unknown}
Books
 f - a book of Conjurations
Miscellaneous
 j - a plain deck of changes
Comestibles
 c - 7 bread rations
 m - 6 meat rations
 t - 5 slices of pizza
 C - 31 fruits
 N - a beef jerky

Dungeon Overview and Level Annotations

Branches:
Dungeon (10/15)            Temple (0/1) D:7            Lair (3/8) D:10
  Swamp: Lair:3-6    Shoals: Lair:3-6     Snake: Lair:3-6    Spider: Lair:3-6
    Orc: D:9-12

Altars:
Ashenzari
Cheibriados
Dithmenos
Elyvilon
Fedhas
Gozag
Kikubaaqudgha
Makhleb
Nemelex Xobeh
Ru
Sif Muna
Trog
Yredelemnul
Zin

Shops:
D:10 *

Annotations:
D:5 exclusion: downstairs
D:7 exclusion: upstairs
D:10 emiel's ghost, novice MfBe


Message History

The porcupine completely misses you.
You hit the porcupine. Your bite misses the porcupine.
The porcupine is heavily wounded.
The porcupine misses you.
You hit the porcupine. You bite the porcupine. You drain its power.
The porcupine is almost dead.
The porcupine closely misses you.
You are struck by the porcupine's spines.
You hit the porcupine.
You kill the porcupine!
Makhleb accepts your kill.
You feel better.
No target in view!
No target in view!
No target in view!
No target in view!
No target in view!
No target in view!
No target in view!
No target in view!
No target in view!
No target in view!
No target in view!
No target in view!
No target in view!
D - a scroll of identify Read which item? (? for menu, Esc to quit)
Identify which item? (\ to view known items) (? for menu, Esc to quit)
As you read the scroll of identify, it crumbles to dust.
K - a potion of beneficial mutation Drink which item? (? for menu, Esc to quit)
You feel agile.
You feel fantastic!
Found a stone staircase leading down.
Are you sure you want to abandon this character and quit the game? (Confirm with "yes".)

*,,,,,,,,,*****,,*,*,**
#.........# ******,,*
##.........## *,**
#...........* ****,**
*#.........##
****,*,,,,
#..........###,*,,**,,,
#...........>.,,,,,,,,,
#.............,**,,****
##.....@P#,,*,,,,**,*
#P.....P.#***,,,,****
##......## *,,,,,*
#......# **,,,**
#......# *,,,* #......#
*,,,* #......#****,,,*
#.!....##P*,,,,*
###..........,,,,*
*****


There were no monsters in sight!

Action                   |  1- 3 |  4- 6 |  7- 9 | 10-12 | 13-15 || total
-------------------------+-------+-------+-------+-------+-------++-------
Melee: Spear             |    19 |    59 |       |       |       ||    78
       Dagger            |       |     5 |    94 |   470 |    57 ||   626
       Flail             |       |       |    20 |    97 |       ||   117
 Fire: Blowgun           |       |       |     3 |       |       ||     3
 Cast: Magic Dart        |    57 |   129 |    82 |    97 |    20 ||   385
       Searing Ray       |     1 |     8 |    22 |    30 |       ||    61
       Fulminant Prism   |       |     3 |    27 |    47 |       ||    77
       Iskenderun's Batt |       |       |     1 |    12 |     5 ||    18
       Iskenderun's Myst |       |       |     2 |    29 |    10 ||    41
  Use: Scroll            |       |     6 |     6 |     9 |     4 ||    25
       Potion            |       |       |       |       |     1 ||     1
 Stab: Distracted        |       |       |     2 |     1 |       ||     3
       Sleeping          |       |       |       |     6 |     2 ||     8
  Eat: Chunk             |       |    12 |    20 |    39 |     3 ||    74
       Fruit             |       |       |     4 |     4 |       ||     8
       Pizza             |       |       |       |       |     2 ||     2

Notes
Turn   | Place    | Note
--------------------------------------------------------------
     0 | D:1      | Duffy the Vine Stalker Conjurer began the quest for the Orb.
     0 | D:1      | Reached XP level 1. HP: 9/9 MP: 4/4
   229 | D:1      | Reached XP level 2. HP: 13/13 MP: 2/6
   233 | D:1      | Learned a level 2 spell: Searing Ray
   591 | D:1      | Found a sparkling altar of Nemelex Xobeh.
   599 | D:1      | Reached XP level 3. HP: 14/16 MP: 5/8
   813 | D:1      | Reached skill level 3 in Spellcasting
  1235 | D:2      | Found a basalt altar of Yredelemnul.
  1250 | D:2      | Reached XP level 4. HP: 21/21 MP: 3/10
  1303 | D:2      | Learned a level 4 spell: Fulminant Prism
  1654 | D:2      | Found a burning altar of Makhleb.
  1665 | D:2      | Became a worshipper of Makhleb the Destroyer
  1698 | D:2      | Reached skill level 1 in Hexes
  1938 | D:2      | Found a deep blue altar of Sif Muna.
  2105 | D:2      | Reached XP level 5. HP: 24/24 MP: 3/11
  2390 | D:2      | Learned a level 4 spell: Iskenderun's Mystic Blast
  2577 | D:3      | Reached * piety under Makhleb
  2577 | D:3      | Reached skill level 5 in Conjurations
  2577 | D:3      | Reached skill level 2 in Hexes
  2694 | D:2      | Reached skill level 4 in Spellcasting
  3121 | D:3      | Gained mutation: You heal very quickly. [Vine Stalker growth]
  3121 | D:3      | Reached XP level 6. HP: 23/29 MP: 0/13
  3567 | D:4      | Reached skill level 3 in Hexes
  3835 | D:4      | Reached skill level 1 in Fighting
  3986 | D:4      | Reached ** piety under Makhleb
  4332 | D:4      | Reached skill level 4 in Hexes
  4332 | D:4      | Reached XP level 7. HP: 25/33 MP: 8/14
  4523 | D:4      | Found a blossoming altar of Fedhas.
  4682 | D:4      | Reached skill level 2 in Fighting
  5121 | D:4      | Reached skill level 6 in Conjurations
  5196 | D:4      | Reached skill level 3 in Fighting
  5339 | D:4      | Found an ancient bone altar of Kikubaaqudgha.
  5389 | D:5      | Entered Level 5 of the Dungeon
  5421 | D:5      | Found an opulent altar of Gozag.
  5428 | D:5      | Found a glowing silver altar of Zin.
  5428 | D:5      | Found a blossoming altar of Fedhas.
  5430 | D:5      | Found a bloodstained altar of Trog.
  5430 | D:5      | Found a sacrificial altar of Ru.
  5444 | D:5      | Noticed Edmund
  5492 | D:4      | Killed Edmund
  5492 | D:4      | Reached skill level 2 in Dodging
  5675 | D:5      | Gained mutation: You have razor-sharp teeth. [Vine Stalker growth]
  5675 | D:5      | Reached XP level 8. HP: 40/40 MP: 5/15
  5986 | D:5      | Learned a level 5 spell: Iskenderun's Battlesphere
  6000 | D:5      | Found a white marble altar of Elyvilon.
  6162 | D:5      | Reached skill level 5 in Spellcasting
  6272 | D:5      | Noticed Menkaure
  6291 | D:5      | Reached *** piety under Makhleb
  6491 | D:5      | Killed Menkaure
  6805 | D:5      | Reached skill level 3 in Dodging
  7049 | D:6      | Reached skill level 7 in Conjurations
  7050 | D:6      | Noticed Barrydekale's ghost (amateur OpHu)
  7520 | D:6      | Killed Barrydekale's ghost
  7532 | D:6      | Noticed Dowan
  7534 | D:6      | Noticed Duvessa
  7750 | D:6      | Reached skill level 4 in Dodging
  7767 | D:6      | Killed Dowan
  7923 | D:5      | Reached skill level 8 in Conjurations
  7923 | D:5      | Reached XP level 9. HP: 44/44 MP: 3/17
  8238 | D:6      | Noticed Eustachio
  8263 | D:5      | Reached skill level 5 in Dodging
  8281 | D:5      | Killed Duvessa
  8550 | D:5      | Killed Eustachio
  8861 | D:7      | Reached **** piety under Makhleb
  9018 | D:7      | Reached skill level 9 in Conjurations
  9181 | D:7      | Noticed Pikel
  9313 | D:7      | Noticed Prince Ribbit
  9340 | D:6      | Killed Prince Ribbit
  9340 | D:6      | Reached skill level 6 in Dodging
  9603 | D:7      | Killed Pikel
  9603 | D:7      | Reached skill level 4 in Fighting
  9603 | D:7      | Reached XP level 10. HP: 46/49 MP: 14/18
  9691 | D:7      | Found a shadowy altar of Dithmenos.
  9836 | D:7      | Found a staircase to the Ecumenical Temple.
  9993 | D:7      | Reached skill level 7 in Dodging
 10411 | D:8      | Reached skill level 10 in Conjurations
 10535 | D:8      | Found a shattered altar of Ashenzari.
 10827 | D:8      | Reached skill level 1 in Charms
 10830 | D:8      | Reached skill level 5 in Fighting
 10895 | D:8      | Noticed a three-headed hydra
 11045 | D:8      | Reached skill level 2 in Charms
 11117 | D:8      | Killed a three-headed hydra
 11117 | D:8      | Reached skill level 3 in Charms
 11118 | D:8      | Reached skill level 6 in Fighting
 11324 | D:9      | Reached skill level 4 in Charms
 11714 | D:9      | Reached ***** piety under Makhleb
 11804 | D:9      | Noticed a brown ugly thing
 11822 | D:9      | Killed a brown ugly thing
 11822 | D:9      | Reached XP level 11. HP: 58/58 MP: 4/19
 11942 | D:9      | Reached skill level 5 in Charms
 12002 | D:9      | Noticed a centaur warrior
 12011 | D:9      | Noticed a hill giant
 12014 | D:9      | Killed a centaur warrior
 12014 | D:9      | Reached skill level 7 in Fighting
 12014 | D:9      | Reached skill level 5 in Hexes
 12044 | D:9      | Killed a hill giant
 12219 | D:9      | Reached skill level 6 in Hexes
 12391 | D:9      | Found a snail-covered altar of Cheibriados.
 12595 | D:10     | Entered Level 10 of the Dungeon
 12653 | D:10     | Noticed a hill giant
 12667 | D:10     | Killed a hill giant
 12667 | D:10     | Reached skill level 8 in Fighting
 12680 | D:10     | Noticed Josephine
 12708 | D:9      | Killed Josephine
 12994 | D:8      | Reached skill level 9 in Fighting
 13532 | D:10     | Noticed Erolcha
 13564 | D:10     | Killed Erolcha
 13700 | D:10     | Found a glowing silver altar of Zin.
 13718 | D:10     | Found a staircase to the Lair.
 13756 | D:10     | Reached skill level 10 in Fighting
 13796 | D:10     | Noticed emiel's ghost (novice MfBe)
 13815 | D:10     | Gained mutation: You regenerate. [Vine Stalker growth]
 13815 | D:10     | Reached XP level 12. HP: 35/67 MP: 11/20
 14033 | D:10     | Noticed Joseph
 14059 | D:9      | Killed Joseph
 14279 | D:10     | Reached skill level 6 in Spellcasting
 14573 | D:10     | Found Tinidyka's Assorted Antiques.
 14927 | D:10     | Reached skill level 7 in Spellcasting
 14949 | Lair:1   | Entered Level 1 of the Lair of Beasts
 15009 | Lair:1   | Noticed Nergalle
 15464 | Lair:1   | Killed Nergalle
 15595 | Lair:1   | Reached ****** piety under Makhleb
 15595 | Lair:1   | Reached skill level 8 in Dodging
 15661 | Lair:1   | Reached skill level 3 in Stealth
 15670 | Lair:1   | Reached skill level 4 in Stealth
 15812 | Lair:1   | Reached skill level 5 in Stealth
 16476 | Lair:1   | Noticed a seven-headed hydra
 16508 | Lair:1   | Reached skill level 6 in Stealth
 16610 | Lair:1   | Killed a seven-headed hydra
 16610 | Lair:1   | Reached skill level 7 in Stealth
 17235 | Lair:2   | Noticed an eight-headed hydra
 17244 | Lair:2   | Killed an eight-headed hydra
 17244 | Lair:2   | Reached skill level 7 in Hexes
 17373 | Lair:2   | Reached skill level 6 in Charms
 17476 | Lair:2   | Noticed Sonja
 17487 | Lair:2   | Killed Sonja
 17487 | Lair:2   | Reached XP level 13. HP: 72/72 MP: 8/25
 17784 | Lair:2   | You fall through a shaft!
 17805 | Lair:3   | Reached skill level 8 in Spellcasting
 17844 | Lair:3   | Found a dark tunnel.
 17847 | Volcano  | Entered a volcano
 17866 | Volcano  | Reached skill level 7 in Charms
 18392 | Lair:2   | Reached skill level 8 in Charms
 18645 | Lair:3   | Gained mutation: You are agile. (Dex +2) [potion of beneficial mutation]
 18659 | Lair:3   | Quit the game

Vault maps used:
D:1:      dpeg_arrival_oval, minmay_misc_feat_square, nemelex_deck
D:2:      overflow_temple_1_default, bloody_makhleb, overflow_temple_1_default,
          columned_hall_lemuel, minmay_shallow_snake_nest
D:4:      lemuel_round_altar, minmay_item_behind_shaft, minmay_misc_feat_tower,
          fedhas_altar_fruit_tree
D:5:      grunt_temple_overflow_open, elyvilon_altar_1, first_bread,
          minmay_bad_closet, uniq_menkaure, uniq_edmund
D:6:      bh_chokoban, kennysheep_small_circle, uniq_eustachio, uniq_duvessa
D:7:      lemuel_round_altar, minmay_temple_entry_hall, uniq_pikel,
          uniq_prince_ribbit1
D:8:      nicolae_overflow_crystal_walls, hangedman_ranch
D:9:      cheibrodos_worm_habitat, corexii_hall_statues_t, minivault_28
D:10:     lair_0_dummy, basic_altar, serial_shops, shop,
          hangedman_abyss_or_decor_jellyfish_corner, uniq_erolcha,
          uniq_josephine, uniq_joseph
Lair:1:   minivault_19, serial_bayou_ford_a, st_stairs_12, serial_bayou_pond_d,
          hibernation_bobbens, lemuel_fruit_fields, uniq_nergalle
Lair:2:   serial_bayou_shore_a, uniq_sonja
Lair:3:   nicolae_volcano_entry_lava_flow
Volcano:  volcano_aerie

Vanquished Creatures
  Josephine
  3 hydras Erolcha
  A centaur warrior Sonja Nergalle
  A lindwurm Pikel
  3 hill giants
  A cyclops
  A griffon
  An ugly thing
  A manticore Joseph
  4 spiny frogs
  A black mamba
  A molten gargoyle
  5 komodo dragons
  3 gargoyles
  2 trolls Prince Ribbit
  7 blink frogs
  A deep elf mage
  3 wraiths
  3 wyverns
  5 hippogriffs Eustachio
  10 yaks
  A hungry ghost
  A steam dragon Menkaure
  A deep elf fighter
  The ghost of Barrydekale the Vandal, an amateur OpHu of Nemelex Xobeh Edmund
  4 porcupines
  3 water moccasins Duvessa
  4 sky beasts
  4 ogres
  4 orc warriors
  3 black bears
  2 phantoms
  3 ice beasts
  An eye of draining
  3 crocodiles
  3 centaurs
  4 big kobolds
  A water moccasin zombie
  5 giant frogs Dowan
  A scorpion
  11 killer bees
  9 wights
  An electric eel
  3 crimson imps
  A giant frog zombie
  3 jellies
  7 hounds
  6 orc priests
  3 centaur skeletons
  11 orc wizards
  A quasit
  2 giant frog skeletons
  12 iguanas
  2 sheep
  A gnoll shaman
  9 worker ants
  A killer bee zombie
  4 hound skeletons
  3 hound zombies
  2 worker ant zombies
  14 adders
  6 gnolls
  7 river rats
  2 shadow imps
  An ooze
  An adder skeleton
  An adder zombie
  2 worms
  6 giant geckos
  40 orcs
  4 giant cockroaches
  3 goblins
  15 hobgoblins
  15 jackals
  3 quokkas
  3 ball pythons
  6 bats
  5 giant newts
  16 kobolds
  13 rats
  77 fulminant prisms
  3 plants
453 creatures vanquished.
